Map: Ulrena

Players

Commander

  • Race: Protoss Protoss
  • League: Silver

pupu - Winner!

  • Race: Protoss Protoss
  • League: Silver

VOD

Have the link to the VOD?

Description

Time

  • Played on: April 12, 2016, 7:55 a.m.
  • Length: 9:06
Show
View Real Time Build Order
Export as new Build Order

Commander Protoss 

Build Orders: Oracle Opening 

Get SALT Encoding   

  12  0:01  Probe (Chrono Boost)  
  13  0:14  Pylon  
  13  0:17  Probe (Chrono Boost)  
  14  0:37  Gateway  
  14  0:44  Gateway  
  14  0:47  Probe (Chrono Boost)  
  15  0:53  Assimilator  
  15  0:57  Probe (Chrono Boost)  
  16  1:09  Probe (Chrono Boost)  
  17  1:19  Probe (Chrono Boost)  
  18  1:26  Cybernetics Core  
  18  1:29  Zealot  
  20  1:35  Probe (Chrono Boost)  
  20  1:39  Assimilator  
  21  1:43  Pylon  
  22  1:47  Probe (Chrono Boost)  
  22  2:01  Zealot  
  22  2:08  Probe (Chrono Boost)  
  25  2:16  Stargate  
  25  2:18  Probe (Chrono Boost)  
  26  2:23  Zealot  
  28  2:32  Stalker  
  30  2:40  Pylon  
  30  2:50  Pylon  
  30  2:59  Oracle (Chrono Boost)  
  33  3:06  Zealot  
  33  3:12  Stalker  
  37  3:31  Oracle (Chrono Boost)  
  37  3:33  Zealot  
  42  3:42  Stalker  
  42  3:48  Probe  
  41  4:00  Probe  
  42  4:09  Stalker  
  44  4:12  Probe, Stalker  
  44  4:45  Stalker  
  46  4:55  Pylon  
  46  4:57  Pylon  
  46  5:00  Gateway  
  46  5:12  Stalker  
  48  5:16  Sentry  
  42  5:42  Stalker x2  
  38  5:55  Nexus  
  38  5:59  Phoenix (Chrono Boost)  
  38  6:03  Sentry  
  42  6:10  Probe  
  43  6:21  Zealot  
  43  6:22  Probe, Sentry  
  48  6:34  Phoenix (Chrono Boost)  
  50  7:00  Stalker x2 (Chrono Boost)  
  54  7:02  Zealot (Chrono Boost)  
  54  7:04  Probe  
  57  7:09  Probe  
  58  7:20  Probe  
  58  7:22  Probe  
  62  7:31  Sentry x2 (Chrono Boost)  
  62  7:33  Sentry (Chrono Boost)  
  66  7:37  Phoenix  
  66  7:41  Probe  
  66  7:43  Probe  
  70  7:50  Assimilator  
  70  7:53  Probe  
  70  7:55  Probe, Pylon  
  72  8:04  Sentry (Chrono Boost)  
  75  8:05  Probe  
  75  8:07  Probe  
  75  8:08  Stalker (Chrono Boost)  
  78  8:33  Phoenix  
Show
View Real Time Build Order
Export as new Build Order

pupu Protoss - Winner!

Build Orders: Oracle Opening 

Get SALT Encoding   

  12  0:01  Probe (Chrono Boost)  
  13  0:11  Probe (Chrono Boost)  
  14  0:17  Pylon  
  14  0:22  Probe (Chrono Boost)  
  15  0:36  Probe (Chrono Boost)  
  15  0:39  Gateway  
  16  0:46  Probe (Chrono Boost)  
  16  0:49  Assimilator  
  17  0:55  Assimilator  
  18  0:57  Probe (Chrono Boost)  
  18  1:07  Probe (Chrono Boost)  
  19  1:18  Probe (Chrono Boost)  
  20  1:28  Cybernetics Core  
  20  1:29  Probe (Chrono Boost)  
  21  1:34  Pylon  
  22  1:40  Probe (Chrono Boost)  
  22  1:50  Probe (Chrono Boost)  
  23  2:05  Stargate  
  23  2:08  Probe (Chrono Boost)  
  24  2:12  Stalker  
  24  2:15  Warp Gate (Chrono Boost)  
  26  2:35  Nexus  
  26  2:37  Pylon  
  26  2:47  Oracle (Chrono Boost)  
  29  3:01  Forge  
  29  3:04  Pylon  
  29  3:16  Probe  
  30  3:20  Pylon  
  30  3:24  Stalker  
  32  3:28  Probe  
  33  3:36  Photon Cannon  
  33  4:08  Probe  
  33  4:09  Probe  
  39  4:17  Void Ray (Chrono Boost)  
  32  4:33  Stalker  
  32  4:34  Probe  
  32  4:36  Probe  
  36  4:53  Photon Cannon  
  36  4:57  Photon Cannon  
  36  4:59  Photon Cannon  
  36  5:04  Photon Cannon, Void Ray (Chrono Boost)  
  40  5:08  Stalker  
  40  5:09  Probe  
  40  5:11  Probe  
  34  5:35  Stalker  
  34  5:53  Gateway x2  
  34  5:54  Probe  
  34  5:55  Probe  
  34  5:56  Gateway  
  36  6:03  Gateway  
  36  6:06  Gateway  
  36  6:08  Pylon  
  36  6:13  Pylon  
  36  6:16  Pylon  
  36  6:26  Zealot  
  38  6:33  Probe  
  38  6:34  Probe  
  40  6:59  Stalker  
  42  7:08  Zealot  
  42  7:09  Zealot x4  
  52  7:18  Probe  
  52  7:20  Probe  
  54  7:29  Probe  
  54  7:32  Probe  
  54  7:36  Assimilator  
  56  7:38  Zealot x5  
  56  7:39  Zealot  
  56  8:56  Stalker x4  
  56  8:57  Stalker x2  
Tags
 
Add a new tag
Caveats
  • Supply blocks, unpowered buildings, or Contaminate may cause inaccurate times.
  • Supply counts are checked every 10 seconds.